 Dungeon Crawl Stone Soup version 0.31-a0-1611-g890cdf5628 (webtiles) character file.

Game seed: 6716577395746411052

598 Laraso the Firebug (level 7, 50/50 HPs)
             Began as a Pale Draconian Fire Elementalist on Jan 8, 2024.
             Was an Initiate of Sif Muna.
             Quit the game on level 6 of the Dungeon.
             The game lasted 00:05:55 (5621 turns).

Laraso the Firebug (DrFE)                           Turns: 5621, Time: 00:05:55

Health: 50/50      AC:  7    Str: 10    XL:     7   Next: 17%
Magic:  6/13       EV: 12    Int: 17    God:    Sif Muna [......]
Gold:   244        SH:  0    Dex: 18    Spells: 7/14 levels left

rFire   . . .        m - +5 short sword "Zaetaagh" {flame, rC++}
rCold   + + .        (no shield)
rNeg    . . .        (body armour unavailable)
rPois   .            (helmet restricted)
rElec   .            (no cloak)
rCorr   .            l - +0 pair of gloves
SInv    .            (no boots)
Will    .....        (no amulet)
Stlth   ++           b - +6 ring of dexterity
HPRegen 0.28/turn    (no ring)
MPRegen 0.13/turn

%: no passive effects
@: no status effects
A: breathe steam, AC +6, unfitting armour, cold-blooded, steam resistance
a: Breathe Steam, Renounce Religion


You were on level 6 of the Dungeon.
You worshipped Sif Muna.
Sif Muna was noncommittal.
You visited 1 branch of the dungeon, and saw 6 of its levels.

You collected 244 gold pieces.

Inventory:

Hand Weapons
 m - the +5 short sword "Zaetaagh" (weapon) {flame, rC++}
   (You found it on level 3 of the Dungeon)

   rC++:      It greatly protects you from cold.
Armour
 l - a +0 pair of gloves (worn)
Jewellery
 b - a +6 ring of dexterity (left hand)
 k - a ring of positive energy
 o - a ring of see invisible
 p - a ring of poison resistance
Scrolls
 c - a scroll of immolation
 g - 2 scrolls of poison
 q - a scroll of teleportation
Potions
 a - a potion of magic
 d - 2 potions of lignification
 e - a potion of haste {unknown}
 f - a potion of might {unknown}
 h - a potion of curing {unknown}
 i - 2 potions of brilliance {unknown}
 j - 2 potions of degeneration {unknown}
 n - 2 potions of invisibility {unknown}
 r - a potion of attraction {unknown}


   Skills:
 - Level 1.7 Dodging
 - Level 1.7 Stealth
 - Level 4.0 Spellcasting
 * Level 4.7 Conjurations
 - Level 6.1 Fire Magic


You had 7 spell levels left.
You knew the following spells:

 Your Spells              Type           Power      Damage    Failure   Level
a - Foxfire               Conj/Fire      84%        2x1d8     1%          1
b - Scorch                Fire           48%        2d7       1%          2
v - Flame Wave            Conj/Fire      21%        2d8       17%         4

Your spell library contained the following spells:

 Spells                   Type           Power      Damage    Failure   Level
 Inner Flame              Hex/Fire       13%        N/A       14%         3
 Volatile Blastmotes      Fire/Tloc      26%        2d12      14%         3
 Slow                     Hex            12%        N/A       16%         1
 Confusing Touch          Hex            3%         N/A       43%         3
 Fugue of the Fallen      Necr           3%         N/A       43%         3
 Ozocubu's Armour         Ice            3%         N/A       43%         3
 Sigil of Binding         Hex            3%         N/A       43%         3
 Vampiric Draining        Necr           3%         2d6       43%         3
 Manifold Assault         Tloc           3%         N/A       83%         4


Dungeon Overview and Level Annotations

Branches:
Dungeon (6/15)             Temple (0/1) D:5

Altars:
Cheibriados
Dithmenos
Elyvilon
Hepliaklqana
Nemelex Xobeh
Qazlal
Sif Muna

Shops:
D:3 [


Innate Abilities, Weirdness & Mutations

You can breathe blasts of scalding, opaque steam.
Your pale cyan-grey scales are hard. (AC +6)
You cannot fit into any form of body armour.
You are cold-blooded and may be slowed by cold attacks.
You are immune to the effects of steam.


Message History

A water moccasin comes into view.
Okay, then.
Casting: Scorch (safe; 2% risk of failure)
Confirm with . or Enter, or press ? or * to list all spells.
You conjure some foxfire!
The water moccasin hisses angrily.
Casting: Foxfire (safe; 2% risk of failure)
Confirm with . or Enter, or press ? or * to list all spells.
You can't see any susceptible monsters within range! (Use Z to cast anyway.)
Casting: Foxfire (safe; 2% risk of failure)
Confirm with . or Enter, or press ? or * to list all spells.
You conjure some foxfire!
The foxfire hits the water moccasin.
The water moccasin is lightly wounded.
The foxfire hits the water moccasin.
The water moccasin is moderately wounded.
Casting: Foxfire (safe; 2% risk of failure)
Confirm with . or Enter, or press ? or * to list all spells.
Flames lash the water moccasin.
The water moccasin is severely wounded.
The water moccasin's fire resistance burns away.
The foxfire hits the water moccasin but does no damage.
The water moccasin is severely wounded.
The foxfire hits the water moccasin.
The water moccasin is burned terribly!
The water moccasin is severely wounded.
Casting: Scorch (safe; 2% risk of failure)
Confirm with . or Enter, or press ? or * to list all spells.
Flames lash the water moccasin.
The water moccasin is burned terribly!
You kill the water moccasin!
Sif Muna accepts your kill.
You have reached level 7!
Your scales start taking on a pale cyan-grey colour.
You learn Fire Magic quicker.
Your Fire Magic skill increases to level 6!
You learn Air Magic quicker.
You learn Evocations quicker.
Training target 6.0 for Fire Magic reached!
You can breathe blasts of scalding, opaque steam.
You are now immune to the effects of steam.
Unknown command.
Unknown command.
Are you sure you want to abandon this character and quit the game? (Confirm with "yes".)

#..##....#
#.##....#
##.#.....#
#........#
##........#
#........##
##.......##
###..........#
##..@.........#
##.........#....#
#.........####.##
#........## ##
#........#
#.......##
#......##
........#
###.....##


There were no monsters in sight!

Vanquished Creatures
  A water moccasin (D:6)
  An ogre (D:4)
  A scorpion (D:4)
  A hound (D:3)
  2 jellies
  An orc priest (D:3)
  Jessica (D:3)
  7 adders
  3 gnolls (D:5)
  A dart slug (D:2)
  A ribbon worm (D:5)
  9 orcs
  12 ball pythons
  6 bats
  9 endoplasms
  3 giant cockroaches
  7 goblins
  11 hobgoblins
  10 jackals
  5 kobolds
  5 quokkas
  3 frilled lizards
  4 rats
104 creatures vanquished.

Vanquished Creatures (others)
  86 foxfires
86 creatures vanquished.

Grand Total: 190 creatures vanquished

Notes
Turn   | Place    | Note
-------+----------+-------------------------------------------
     0 | D:1      | Laraso the Draconian Fire Elementalist began the quest for
                  | the Orb.
     0 | D:1      | Reached XP level 1. HP: 14/14 MP: 3/3
   256 | D:1      | Reached XP level 2. HP: 20/20 MP: 3/5
   373 | D:1      | Learned a level 2 spell: Scorch
   766 | D:2      | Reached XP level 3. HP: 26/26 MP: 2/7
  1582 | D:2      | Reached XP level 4. HP: 33/33 MP: 5/10
  2183 | D:3      | Found a faded altar of an unknown god.
  2212 | D:3      | Noticed Jessica
  2226 | D:3      | Killed Jessica
  2332 | D:3      | Reached XP level 5. HP: 38/38 MP: 4/11
  2609 | D:3      | Identified the +5 short sword "Zaetaagh" {flame, rC++}
  2667 | D:3      | Found Ugeaplaw's Antique Armour Shoppe.
  2751 | D:3      | Reached skill level 4 in Fire Magic
  2891 | D:3      | Learned a level 4 spell: Flame Wave
  3368 | D:4      | Reached XP level 6. HP: 41/45 MP: 1/12
  3752 | D:4      | Found a stormy altar of Qazlal.
  3752 | D:4      | Found a hazy altar of Hepliaklqana.
  3761 | D:4      | Reached skill level 5 in Fire Magic
  4120 | D:4      | Found a shimmering blue altar of Sif Muna.
  4120 | D:4      | Found a snail-covered altar of Cheibriados.
  4122 | D:4      | Found a sparkling altar of Nemelex Xobeh.
  4175 | D:5      | Entered Level 5 of the Dungeon
  4223 | D:5      | Found a white marble altar of Elyvilon.
  4292 | D:5      | Found a staircase to the Ecumenical Temple.
  4403 | D:5      | Found a shadowy altar of Dithmenos.
  4429 | D:4      | Became a worshipper of Sif Muna the Loreminder
  5615 | D:6      | Noticed a water moccasin
  5620 | D:6      | Killed a water moccasin
  5621 | D:6      | Your scales start taking on a pale cyan-grey colour.
  5621 | D:6      | Reached skill level 6 in Fire Magic
  5621 | D:6      | Reached XP level 7. HP: 50/50 MP: 6/13
  5621 | D:6      | Gained mutation: You are immune to the effects of steam.
                  | [Pale Draconian growth]
  5621 | D:6      | Quit the game

Illustrated notes

Levels and vault maps discovered:
D:1:      amcnicky_arrival_flooded_fountain, layout_basic
D:2:      minmay_wonky_spiral, layout_basic, hangedman_decor_growths,
          nrook_mini_backslash, nicolae_elevator_lobby_asterisk
D:3:      layout_loops_ring, hellmonk_ecumenical_altar_run_dry, serial_shops,
          nicolae_shop_rolling_square, uniq_jessica
D:4:      layout_rooms, nicolae_overflow_hidden_temple
D:5:      layout_layer_cave, nicolae_dithmenos_through_a_glass_darkly,
          elyvilon_altar_1, minmay_temple_entry_glass, palyth_stone_intersect
D:6:      layout_cave_pods

Skill      XL: |  1  2  3  4  5  6 |
---------------+-------------------+-----
Spellcasting   | 3 4 |  4.0
Conjurations   | 2 3 4 |  4.7
Fire Magic     | 4 6 |  6.1
Dodging        | |  1.7
Stealth        | |  1.7

Action                     |  1- 3 |  4- 6 |  7- 9 || total
---------------------------+-------+-------+-------++-------
  Melee: Dagger            |    13 |     1 |       ||    14
         Morningstar       |       |     4 |       ||     4
         Short sword       |       |    18 |       ||    18
         Tailslap          |       |     2 |       ||     2
   Cast: Foxfire           |    21 |    32 |       ||    53
         Scorch            |    28 |    70 |       ||    98
         Flame Wave        |       |     1 |       ||     1
    Use: Scroll            |     1 |     3 |       ||     4
 Armour: Skin              |    10 |    19 |       ||    29
  Dodge: Dodged            |    17 |    36 |       ||    53

Table legend: (Time is in decaauts)
 A = Elapsed time spent in this place.
 B = Non-inter-level travel time spent in this place.
 C = Inter-level travel time spent in this place.
 D = Time resting spent in this place.
 E = Time spent auto-exploring this place.
 F = Levels seen in this place.
 G = Mean time per level.
                   A        B        C        D        E       F      G
               +--------+--------+--------+--------+--------+-----+--------+
         Total |   5621 |   5439 |    182 |    671 |   4100 |   6 |  936.8 |
       Dungeon |   5621 |   5439 |    182 |    671 |   4100 |   6 |  936.8 |
               +--------+--------+--------+--------+--------+-----+--------+

Top non-repeatable levels by time:
     D:2: 1371 daAuts
     D:5: 1348 daAuts
     D:3: 1168 daAuts
     D:4: 851 daAuts
     D:1: 807 daAuts
     D:6: 74 daAuts
